AoeStats
← capitanhukz

Arena

509634325Analyzed
1v1 RM · 5d ago on Sep 27, 2026· 20m 30s· 2 players
Game mode
Random Map
Map size
Tiny (2 player)
Population
200
Speed
Normal
Resources
Standard
Victory
Conquest
Starting age
Dark Age
Ending age
Imperial Age
RankedLock teamsTeams togetherTeam positionsShared explorationLock speedFull tech treeHidden civsTurbo modeCheats
Victory
Defeat
🇨🇷 Bohemians · Costa Rica
400
+15
🇪🇸 Teutons · Spain
387
-15
capitanhukz
1:13 Loom
14:27 Feudal Age
15:35 Double-Bit Axe
15:33 Horse Collar
17:45 Bloodlines
NUGSco
13:00 Feudal Age
15:38 Double-Bit Axe
18:13 Castle Age
17:17 Loom
17:14 Man-at-Arms
Connection lost

Rejoining the realm…

Still unreachable

The connection could not be restored.

Session expired

The server has moved on; the page needs a fresh start.